 Dungeon Crawl Stone Soup version 0.30-a0-862-g1aabd4f9c5 (webtiles) character file.

Game seed: 10249415629446130520

2 Monkooky the Twirler (level 1, 0/13 HPs)
             Began as a Human Wanderer on Mar 8, 2023.
             Slain by a bat (1 damage)
             ... on level 1 of the Dungeon.
             The game lasted 00:00:36 (38 turns).

Monkooky the Twirler (Human Wanderer)                 Turns: 38, Time: 00:00:36

Health: 0/13       AC:  2    Str: 13    XL:     1   Next: 44%
Magic:  2/2        EV: 12    Int: 13    God:
Gold:   0          SH:  0    Dex: 10    Spells: 2/2 levels left

rFire   . . .      SeeInvis .    a - +2 quarterstaff
rCold   . . .      Faith    .    (shield currently unavailable)
rNeg    . . .      Spirit   .    d - +0 robe
rPois   .          Reflect  .    (no helmet)
rElec   .          Rampage  .    (no cloak)
rCorr   .                        (no gloves)
Will    .....                    (no boots)
Stlth   +                        (no amulet)
HPRegen 0.22/turn                (no ring)
MPRegen 0.08/turn                (no ring)

@: no status effects
A: no striking features
a: no special abilities


You were on level 1 of the Dungeon.
You visited 1 branch of the dungeon, and saw 1 of its levels.

Inventory:

Hand Weapons
 a - a +2 quarterstaff (weapon)
Armour
 d - a +0 robe (worn)
Wands
 b - a wand of flame (5) (quivered)
Potions
 c - a potion of lignification
 e - a potion of heal wounds {unknown}


   Skills:
 + Level 2.2 Staves
 - Level 2.0 Dodging
 - Level 1.0 Stealth
 - Level 1.0 Spellcasting
 - Level 2.0 Poison Magic
 - Level 2.0 Evocations


You had 2 spell levels left.
You didn't know any spells.
Your spell library contained the following spells:

 Spells                   Type           Power      Damage    Failure   Level
 Poisonous Vapours        Pois/Air       6%         N/A       28%         2
 Cigotuvi's Dreadful Rot  Necr/Pois/Air  4%         N/A       32%         2


Dungeon Overview and Level Annotations

Branches:
Dungeon (1/15)

Altars:


Message History

The hobgoblin moves out of view.
You sock the rat!
You kill the rat!
The bat hits you but does no damage. The bat barely misses you.
You miss the bat. The bat barely misses you. x2
The bat hits you but does no damage. The kobold closely misses you.
A jackal comes into view.
The kobold closely misses you.
You hit the hobgoblin.
The hobgoblin is moderately wounded.
The bat misses you. The bat hits you but does no damage.
The hobgoblin hits you. The kobold hits you but does no damage.
You completely miss the hobgoblin.
The hobgoblin is moderately wounded.
The bat hits you. The hobgoblin closely misses you.
The kobold barely misses you.
An endoplasm comes into view.
A bat comes into view.
The bat completely misses you.
You barely miss the hobgoblin.
The hobgoblin is moderately wounded.
The bat hits you. The bat misses you. The bat hits you but does no damage. x2
The rat bites you. The hobgoblin hits you. The kobold hits you with a +0 club.
The endoplasm quivers.
You hit the hobgoblin.
The hobgoblin is almost dead.
The bat hits you but does no damage. The bat misses you.
The bat barely misses you. The rat bites you. The hobgoblin hits you.
* * * LOW HITPOINT WARNING * * *
The kobold closely misses you. The bat hits you but does no damage.
The bat hits you.
* * * LOW HITPOINT WARNING * * *
The bat attacks as you move away! The bat misses you.
The bat attacks as you move away! The bat misses you. The bat hits you.
* * * LOW HITPOINT WARNING * * *
The bat hits you but does no damage. The kobold closely misses you.
Unknown command.
The kobold attacks as you move away! The kobold closely misses you.
The bat hits you but does no damage. x2
The bat attacks as you move away! The bat closely misses you. The bat hits you.
You die...

#..÷.....#.....#
##..##.∩∩#.....∩#
#..##÷.∩#.....##
....#.. #.............#
..J.#..##.............#
.......#∩÷.÷...........
#.....#∩...÷.†......
.#.....##....###∩∩###
.......###@..######
.......gKbb.......#
...##gh..........#
#....g#............
......#rb...........
...#..............[. .[
#.##.!........... . ...
..#........... ...
.......$......


You could see a jackal, 3 hobgoblins, 3 bats, a kobold and a rat.

Vanquished Creatures
  A ball python (D:1)
  A bat (D:1)
  A rat (D:1)
3 creatures vanquished.

Notes
Turn   | Place    | Note
-------+----------+-------------------------------------------
     0 | D:1      | Monkooky the Human Wanderer began the quest for the Orb.
     0 | D:1      | Monkooky set off with the following items: a +2
                  | quarterstaff, a wand of flame (5), a potion of
                  | lignification, a +0 robe; and the following spells
                  | available to memorise: Poisonous Vapours, Cigotuvi's
                  | Dreadful Rot.
     0 | D:1      | Reached XP level 1. HP: 13/13 MP: 2/2
    38 | D:1      | Slain by a bat

Illustrated notes

Levels and vault maps discovered:
D:1:      amcnicky_arrival_abandoned_market, layout_rooms,
          minmay_misc_feat_pillars

Action                     || total
---------------------------++-------
  Melee: Quarterstaff      ||     9
 Armour: Robe              ||    13
  Dodge: Dodged            ||    22

Table legend: (Time is in decaauts)
 A = Elapsed time spent in this place.
 B = Non-inter-level travel time spent in this place.
 C = Inter-level travel time spent in this place.
 D = Time resting spent in this place.
 E = Time spent auto-exploring this place.
 F = Levels seen in this place.
 G = Mean time per level.
                   A        B        C        D        E       F      G
               +--------+--------+--------+--------+--------+-----+--------+
         Total |     39 |     39 |      0 |      0 |     12 |   1 |   39.0 |
       Dungeon |     39 |     39 |      0 |      0 |     12 |   1 |   39.0 |
               +--------+--------+--------+--------+--------+-----+--------+

Top non-repeatable levels by time:
     D:1: 39 daAuts
